[Event "*** SCC Grand Prix: Titled Tuesday Blitz"]
[Site "Chess.com"]
[Date "2020.07.07"]
[Round "5"]
[White "dolynachess"]
[Black "LuckIsMySkill"]
[Result "0-1"]
[WhiteElo "2440"]
[BlackElo "2690"]
[TimeControl "180+1"]
[EndTime "10:55:45 PDT"]
[Termination "LuckIsMySkill won on time"]

1. d4 g6 2. c4 Bg7 3. Nc3 d6 4.
Nf3 e5 5. e3 Nc6 6. Be2 exd4 7.
Nxd4 Nxd4 8. exd4 Ne7 9. Bf3 Nf5 10. Ne2 Nh4 11. Qb3 O-O 12. O-O Re8 13. Be3 Nxf3+ 14. gxf3 Qh4 15. Ng3 Bxd4 16. Rfe1 Rf8 17. Ne4 Bxe3 18.
Rxe3 Bf5 19. Qxb7 Rab8 20. Qxc7 Bxe4 21. Rxe4 Qf6 22. Kg2 Rxb2 23. Rd1 Rxa2 24. Qxd6 Qg5+ 25. Qg3 Qc5 26. Rd7 a5 27. Rd5 Qc6 28. Qd6 Rc8 29.
Qxc6 Rxc6 30. Re8+ Kg7 31. Ra8 a4 32. c5 Re6 33.
Rd4 Ree2 34. Rc4 Rxf2+ 35. Kg3 Rxh2 36. c6 Rhg2+ 37. Kf4 Rgc2 0-1

[Event "*** SCC Grand Prix: Titled Tuesday Blitz"]
[Site "Chess.com"]
[Date "2020.07.07"]
[Round "5"]
[White "manitodeplomo"]
[Black "SavelievAlexei"]
[Result "0-1"]
[WhiteElo "2512"]
[BlackElo "2398"]
[TimeControl "180+1"]
[EndTime "10:55:45 PDT"]
[Termination "SavelievAlexei won on time"]

1. e4 d6 2. d4 Nf6 3. Nc3 e5 4. f4 exd4 5. Qxd4 Nc6 6. Bb5 a6 7.
Bxc6+ bxc6 8. Nf3 c5 9. Qd3 Bb7 10. b3 g6 11. Bb2 Bg7 12. O-O-O O-O 13. Rhe1 Re8 14. g3 Qc8 15. e5 Ng4 16. Ng5 h6 17. Nxf7 Kxf7 18. exd6 cxd6 19. Qxd6 Nf6 20. Na4 Qc6 21.
Qxc6 Bxc6 22. Nxc5 Ng4 23. Bxg7 Kxg7 24. c4 Nxh2 25.
Rxe8 Bxe8 26. Rd6 a5 27. Ne6+ Kf7 28. Nd4 h5 29. Kb2 Nf1 30. Nf3 Nxg3 31. Ne5+ Kg7 32. a3 h4 33. Nf3 h3 34. Rd2 Bf7 0-1

[Event "*** SCC Grand Prix: Titled Tuesday Blitz"]
[Site "Chess.com"]
[Date "2020.07.07"]
[Round "5"]
[White "Quiet_Desperation"]
[Black "mbachez"]
[Result "1-0"]
[WhiteElo "2224"]
[BlackElo "2417"]
[TimeControl "180+1"]
[EndTime "10:55:45 PDT"]
[Termination "Quiet_Desperation won by resignation"]

1. e4 c6 2. Nf3 d5 3. Nc3 dxe4 4. Nxe4 Nf6 5. Nxf6+ exf6 6. d4 Bd6 7. Bd3 O-O 8.
Be3 Bg4 9. c3 Nd7 10. Qc2 h6 11. h3 Bxf3 12. gxf3 c5 13. Rg1 Kh8 14. O-O-O Qc7 15.
Qd2 cxd4 16. Bxd4 Bf4 17. Be3 Bxe3 18. fxe3 Nc5 19. Qg2 Rg8 20. Bc2 b5 21. Kb1 a5 22.
Rd5 b4 23. Qd2 Rad8 24. c4 Rxd5 25. Qxd5 Qe5 26. Qxe5 fxe5 27. Rd1 f6 28. Bg6 Rc8 29. Rd5 Nb7 30. b3 Kg8 31. Rb5 Rc7 32. Be4 Nd6 33.
Rxa5 f5 34. Bc2 e4 35. fxe4 fxe4 36. Re5 Kf7 37. c5 Nb7 38. Rxe4 Nxc5 39. Rxb4 Ke6 40. Rc4 Kd5 41. e4+ Kd6 42. b4 Ne6 43. Rxc7 Kxc7 44.
e5 Nf4 45. Bf5 g6 46. Be4 Kd7 47. a4 g5 48. a5 Kc7 49. a6 Kb6 50. b5 Nxh3 51.
e6 Nf2 52. e7 Nxe4 53. e8=Q Nc3+ 54. Kc2 Nxb5 55. Qxb5+ Kxb5 56. a7 1-0

[Event "*** SCC Grand Prix: Titled Tuesday Blitz"]
[Site "Chess.com"]
[Date "2020.07.07"]
[Round "5"]
[White "GjakanTati"]
[Black "MrChampion_Coach"]
[Result "1-0"]
[WhiteElo "2572"]
[BlackElo "2410"]
[TimeControl "180+1"]
[EndTime "10:55:46 PDT"]
[Termination "GjakanTati won on time"]

1. d4 Nf6 2. Nf3 g6 3. g3 Bg7 4. Bg2 O-O 5. O-O d6 6. c4 Nc6 7. Nc3 a6 8. d5 Na5 9. Nd2 c5 10. a4 e5 11. e4 Nh5 12. b3 f5 13. exf5 Bxf5 14. g4 Bd3 15. gxh5 Bxf1 16. Qxf1 e4 17.
Ndxe4 Nxb3 18. Bg5 Qa5 19. Rb1 Nd4 20. Rxb7 Nf5 21.
hxg6 hxg6 22. Qd3 Rab8 23. Rxb8 Rxb8 24. Ne2 Qe1+ 25. Bf1 Rb1 26. Nf4 Nd4 27. Ng3 Rb3 28.
Qxg6 Nf3+ 29. Kg2 Nxg5 30. Qxg5 Qe5 31. Qd8+ Kh7 32. Qh4+ Bh6 33. Ne6 Rc3 34. Qe7+ Bg7 35. Nf8+ Kg8 36. Ne6 Qf6 37. Qe8+ Kh7 38. Qh5+ 1-0

[Event "*** SCC Grand Prix: Titled Tuesday Blitz"]
[Site "Chess.com"]
[Date "2020.07.07"]
[Round "5"]
[White "sm_sharon"]
[Black "Tenamu"]
[Result "0-1"]
[WhiteElo "2173"]
[BlackElo "2373"]
[TimeControl "180+1"]
[EndTime "10:55:46 PDT"]
[Termination "Tenamu won by resignation"]

1. g3 d5 2. Bg2 c6 3. d3 e5 4. Nf3 Bd6 5. O-O Be6 6. Nbd2 Qd7 7. Re1 Bh3 8. Bh1 Na6 9. c4 Nf6 10. cxd5 cxd5 11. e4 d4 12. Nc4 Qe7 13. Ng5 Bd7 14. f4 O-O 15. Nf3 Ng4 16. h3 exf4 17. hxg4 fxg3 18.
Nxd6 Qxd6 19. Nh4 Qf6 20. Nf5 Bxf5 21. gxf5 Qh4 22. Qe2 Nb4 23. Bg2 Rac8 24. Bd2 Nc2 25. Rec1 Nxa1 26. Rxa1 Rc2 27. Rc1 Rfc8 28. Rxc2 Rxc2 29.
Qd1 Rc8 30. Be1 Qh2+ 31. Kf1 h5 32. Bd2 h4 33. Ba5 h3 34. Qd2 hxg2+ 35. Qxg2 Rc1+ 36. Be1 Rxe1+ 37. Kxe1 Qxg2 38. b4 Qf2+ 0-1

[Event "*** SCC Grand Prix: Titled Tuesday Blitz"]
[Site "Chess.com"]
[Date "2020.07.07"]
[Round "5"]
[White "OK97"]
[Black "AliKa2810"]
[Result "1-0"]
[WhiteElo "2760"]
[BlackElo "2584"]
[TimeControl "180+1"]
[EndTime "10:55:47 PDT"]
[Termination "OK97 won by resignation"]

1. d4 Nf6 2. c4 g6 3. Nc3 Bg7 4. e4 d6 5. Nf3 O-O 6. Be2 e5 7.
d5 Na6 8. Be3 Ng4 9. Bg5 f6 10.
Bh4 Qe8 11. Nd2 Nh6 12. f3 f5 13. Rb1 c5 14. dxc6 bxc6 15. b4 Rb8 16. b5 Nc5 17. Bf2 Be6 18. O-O Kh8 19. Nb3 Nxb3 20. axb3 Nf7 21. Bxa7 Ra8 22. Bf2 cxb5 23. Nxb5 Qc6 24.
Nc3 Ng5 25. Bd3 Ra3 26. Qc1 Nxf3+ 27. gxf3 Raa8 28. Nd5 Qd7 29. Kh1 f4 30. c5 Ra2 31.
c6 Qd8 32. c7 Qg5 33. Rb2 Rxb2 34. Qxb2 Qh5 35. Bb6 Bxd5 36. exd5 e4 37. Bd4 exd3 38.
Bxg7+ Kg8 39. Bxf8 1-0

[Event "*** SCC Grand Prix: Titled Tuesday Blitz"]
[Site "Chess.com"]
[Date "2020.07.07"]
[Round "5"]
[White "Hippotaner"]
[Black "Larina_Marija"]
[Result "1-0"]
[WhiteElo "2306"]
[BlackElo "2102"]
[TimeControl "180+1"]
[EndTime "10:55:47 PDT"]
[Termination "Hippotaner won on time"]

1. Nf3 f5 2. d3 Nc6 3. Nc3 e5 4. e4 d6 5. exf5 Bxf5 6. d4 e4 7. Bg5 Be7 8. Bxe7 Qxe7 9. Ng1 Nf6 10. Qd2 d5 11. O-O-O O-O-O 12. h3 h6 13. g4 Be6 14. Nge2 g5 15. Ng3 Qd7 16. Bb5 a6 17. Ba4 b5 18.
Bb3 Na5 19. Nf1 Nc4 20. Bxc4 dxc4 21. Ne3 b4 22. Ne2 Qa4 23. c3 Qxa2 24. Qc2 b3 25. Qb1 Qa4 26. Kd2 c5 27. Qa1 Qb5 28. Qa3 Nd7 29.
Ra1 Kb7 30. Kc1 Rhf8 31. Rf1 Rf3 32. dxc5 Nxc5 33. Nd4 Nd3+ 34. Kb1 Rxd4 35. cxd4 Rxf2 36.
Rxf2 Nxf2 37. Qe7+ Bd7 38. Qf7 Nd3 39. Qd5+ Qxd5 40. Nxd5 e3 41. Nxe3 Be8 42. Nxc4 Bg6 43. Ra5 Nb4+ 44. Kc1 Nd3+ 45. Kd2 1-0

[Event "*** SCC Grand Prix: Titled Tuesday Blitz"]
[Site "Chess.com"]
[Date "2020.07.07"]
[Round "5"]
[White "Mikhail_Golubev"]
[Black "dretch"]
[Result "0-1"]
[WhiteElo "2605"]
[BlackElo "2797"]
[TimeControl "180+1"]
[EndTime "10:55:48 PDT"]
[Termination "dretch won on time"]

1. e4 e6 2. d4 d5 3. Nc3 Nf6 4. Bg5 dxe4 5. Nxe4 Be7 6. Nxf6+ Bxf6 7. Bxf6 Qxf6 8.
Qd2 O-O 9. O-O-O e5 10. dxe5 Qxe5 11. Nf3 Qc5 12. Bd3 Nc6 13. Rhe1 Nb4 14. Re5 Nxd3+ 15.
Qxd3 Qxf2 16. Rf1 Qb6 17. Ng5 Qg6 18. Rxf7 Qxd3 19. Rxf8+ Kxf8 20. cxd3 h6 21. Ne6+ Bxe6 22. Rxe6 Re8 23. Rxe8+ Kxe8 24. Kd2 Ke7 25. Ke3 Ke6 26.
Ke4 c5 27. a4 b6 28. d4 Kd6 29.
b3 a6 30. dxc5+ Kxc5 31. Kd3 Kb4 32. Kc2 Ka3 33. Kc3 h5 34. h4 b5 35. a5 Ka2 0-1

[Event "*** SCC Grand Prix: Titled Tuesday Blitz"]
[Site "Chess.com"]
[Date "2020.07.07"]
[Round "5"]
[White "m_ezat"]
[Black "killer311"]
[Result "1-0"]
[WhiteElo "2539"]
[BlackElo "2386"]
[TimeControl "180+1"]
[EndTime "10:55:48 PDT"]
[Termination "m_ezat won by checkmate"]

1. d4 d5 2. c4 c6 3. Nc3 Nf6 4. cxd5 cxd5 5. Bf4 Nc6 6. e3 a6 7. Bd3 Bg4 8. Nge2 e6 9. O-O Bd6 10. f3 Bh5 11. Bg5 Bg6 12. Nf4 Bxd3 13. Nxd3 h6 14.
Bh4 Qc7 15. Bxf6 gxf6 16. f4 Ke7 17. Qh5 Rag8 18. Rac1 Rg6 19. Rf2 Qa5 20. a3 Qc7 21. Qh3 h5 22. Rcf1 h4 23. f5 Rgh6 24. fxe6 fxe6 25. Kh1 Qd7 26. Qg4 R8h7 27. e4 dxe4 28. Nxe4 f5 29. Qg5+ Kf7 30. d5 Rg6 31. dxe6+ Qxe6 32. Rxf5+ Kg8 33. Nf6+ Kg7 34. Nf4 Bxf4 35. Qxf4 Rh8 36.
Nh5+ Kg8 37. Rf8+ Kh7 38. Qf7+ Qxf7 39. R1xf7+ Kh6 40. Rxh8+ Kg5 41. Nf4 Rd6 42. Rh5+ Kg4 43. h3+ Kg3 44. Ne2# 1-0

[Event "*** SCC Grand Prix: Titled Tuesday Blitz"]
[Site "Chess.com"]
[Date "2020.07.07"]
[Round "5"]
[White "vpsetter"]
[Black "mamey78"]
[Result "1-0"]
[WhiteElo "2624"]
[BlackElo "2451"]
[TimeControl "180+1"]
[EndTime "10:55:49 PDT"]
[Termination "vpsetter won by resignation"]

1. e4 e5 2. Nf3 Nc6 3. Bb5 a6 4. Bxc6 dxc6 5. d4 exd4 6. Qxd4 Qxd4 7. Nxd4 Bd7 8. Nc3 O-O-O 9. Be3 f6 10. O-O-O Ne7 11.
f3 c5 12. Nde2 b6 13. Nf4 Ng6 14. h4 Ne5 15. h5 Nc4 16. Bf2 Bd6 17. Nfd5 Be5 18.
f4 Bxc3 19. Nxc3 Bg4 20. Rxd8+ Rxd8 21. h6 g6 22. Bh4 Rf8 23. Nd5 g5 24. fxg5 fxg5 25.
Bxg5 Rf2 26. Nf6 Rxg2 27. Nxh7 Bf3 28. Nf6 Ne5 29. h7 Nf7 30. h8=Q+ Nxh8 31. Rxh8+ Kb7 32. Bf4 c4 33. Rh2 Rg1+ 34. Kd2 Rf1 35. Ke3 1-0

[Event "*** SCC Grand Prix: Titled Tuesday Blitz"]
[Site "Chess.com"]
[Date "2020.07.07"]
[Round "5"]
[White "ARMQUEEN"]
[Black "Shushik"]
[Result "1-0"]
[WhiteElo "2419"]
[BlackElo "2199"]
[TimeControl "180+1"]
[EndTime "10:55:49 PDT"]
[Termination "ARMQUEEN won on time"]

1. e4 e5 2. Nf3 Nc6 3. Bc4 Bc5 4. c3 Nf6 5. d3 d6 6. O-O Bb6 7. Nbd2 Ne7 8. Re1 Ng6 9. Nf1 h6 10. Ng3 O-O 11. h3 c6 12. Bb3 d5 13. Qe2 dxe4 14.
dxe4 Qe7 15. Nh2 Be6 16. Bc2 Rad8 17. Nf5 Qd7 18. Qf3 Bxf5 19. exf5 Ne7 20. Rxe5 Bc7 21. Re1 Qd6 22. g3 Ned5 23. Ng4 Nxg4 24. hxg4 Rfe8 25. Bd2 Qf6 26. Rad1 Nb6 27. g5 hxg5 28. Rxe8+ Rxe8 29. Qg4 Bd8 30. Be3 Nd5 31. Bd4 Qe7 32. f6 Nxf6 33.
Qxg5 c5 34. Bxc5 Qe2 35. Bb3 Nd7 36. Qd5 Nxc5 37. Qxf7+ Kh7 38. Rd5 1-0

[Event "*** SCC Grand Prix: Titled Tuesday Blitz"]
[Site "Chess.com"]
[Date "2020.07.07"]
[Round "5"]
[White "Orest_Vovk"]
[Black "Firouzja2003"]
[Result "0-1"]
[WhiteElo "2530"]
[BlackElo "3098"]
[TimeControl "180+1"]
[EndTime "10:55:50 PDT"]
[Termination "Firouzja2003 won by resignation"]

1. h4 e5 2. h5 d5 3. h6 Nxh6 4. d4 exd4 5. Bxh6 gxh6 6. Qxd4 Rg8 7. Nc3 Bg7 8. Qd3 d4 9. Ne4 Nc6 10. O-O-O Qd5 11. c4 Qa5 12. a3 Bf5 13. Rh5 Kf8 14.
g4 Bxe4 15. Qxe4 Qa4 16. Qc2 Qxc2+ 17. Kxc2 Rd8 18. Nf3 Rd6 19. Rd5 Bf6 20. Rxd6 cxd6 21. Bh3 Kg7 22. b4 Re8 23. Bf1 Re4 24. b5 Na5 25. Kd3 Rxg4 26. Bh3 Rf4 27. Rg1+ Kf8 28. Rg4 Rxg4 29. Bxg4 Nb3 30. Ke4 Nc5+ 31. Kd5 d3 32. exd3 Nxd3 33. Kxd6 Be7+ 34. Kc7 b6 35. Kb7 Bxa3 36.
Kxa7 Bc5 37. Kb7 Nxf2 38. Bc8 Nd3 39. Nd2 h5 40. Ne4 Bd4 41. Kc6 Ke7 42. Kd5 Be3 43.
Kc6 h4 44. Kd5 h3 45. Bxh3 Nf4+ 46. Kc6 Nxh3 47. c5 bxc5 48. Nxc5 Bxc5 49. Kxc5 Nf4 0-1

[Event "*** SCC Grand Prix: Titled Tuesday Blitz"]
[Site "Chess.com"]
[Date "2020.07.07"]
[Round "5"]
[White "kushagramohan"]
[Black "SamuelGhimpu2003"]
[Result "1-0"]
[WhiteElo "2708"]
[BlackElo "2508"]
[TimeControl "180+1"]
[EndTime "10:55:50 PDT"]
[Termination "kushagramohan won by resignation"]

1. e4 e6 2. d4 d5 3. Nd2 c5 4. exd5 Qxd5 5. Ngf3 cxd4 6. Bc4 Qd7 7. O-O Nc6 8. Nb3 a6 9. a4 Nf6 10. Qe2 Bd6 11.
Rd1 O-O 12. Nbxd4 e5 13. Nxc6 Qxc6 14. Bg5 Bc7 15. h3 e4 16. Nd2 Re8 17. Nf1 h6 18. Bh4 Be6 19. Bxe6 Rxe6 20. b3 Rc8 21. c4 Nd7 22.
Bg3 Ne5 23. Rd4 f5 24. Rad1 Rg6 25. Ne3 Qf6 26. Nd5 Qg5 27. h4 Qd8 28. Nf4 Qf6 29. Nxg6 Qxg6 30. Bxe5 Bxe5 31. Rd8+ Rxd8 32. Rxd8+ Kh7 33.
Qd2 Qg4 34. g3 f4 35. Qd5 Qf5 36. Re8 fxg3 37. fxg3 e3 38. Rxe5 Qf2+ 39. Kh1 Qf1+ 40. Kh2 Qe2+ 41. Qg2 1-0

[Event "*** SCC Grand Prix: Titled Tuesday Blitz"]
[Site "Chess.com"]
[Date "2020.07.07"]
[Round "5"]
[White "gui_borba"]
[Black "malakismayil"]
[Result "1-0"]
[WhiteElo "2335"]
[BlackElo "2130"]
[TimeControl "180+1"]
[EndTime "10:55:50 PDT"]
[Termination "gui_borba won on time"]

1. d4 Nf6 2. Bf4 e6 3. e3 d5 4. c3 Be7 5. Bd3 O-O 6. Nf3 c5 7. Nbd2 Nbd7 8. O-O b6 9. Ne5 Nxe5 10. Bxe5 Bb7 11.
Qf3 Nd7 12. Qh3 f5 13. Bf4 Nf6 14. Nf3 Nd7 15. Ne5 Nxe5 16. Bxe5 Bf6 17. Bxf6 Qxf6 18. f4 c4 19. Bc2 b5 20. g4 g6 21. Qg3 Bc6 22. Kf2 Kf7 23. h4 Ke7 24. h5 Kd7 25. Rh1 Rf7 26. g5 Qe7 27. Rh4 Rg7 28. Rah1 Kc7 29.
Ke2 a5 30. Kd2 b4 31. Qh2 Rag8 32. hxg6 hxg6 33. Rh7 Kb6 34. Rxg7 Rxg7 35. Qh8 Be8 36. Rh6 Kc7 37. Rh1 Kd6 38. Qh4 Kc7 39. Bd1 Bf7 40.
Qh8 Bg8 41. Ba4 Kb6 42. Qh4 Kc7 43. Qe1 Qd6 44. Kc2 Qb6 45. b3 1-0

[Event "*** SCC Grand Prix: Titled Tuesday Blitz"]
[Site "Chess.com"]
[Date "2020.07.07"]
[Round "5"]
[White "ThePatrick27"]
[Black "VovenRogel"]
[Result "0-1"]
[WhiteElo "2522"]
[BlackElo "2716"]
[TimeControl "180+1"]
[EndTime "10:55:51 PDT"]
[Termination "VovenRogel won by resignation"]

1. d4 Nf6 2. c4 g6 3. Nc3 d5 4.
cxd5 Nxd5 5. e4 Nxc3 6. bxc3 Bg7 7. Be3 c5 8. Nf3 Qa5 9. Qd2 O-O 10. Rc1 Nd7 11.
Bd3 Qc7 12. O-O e5 13. Bc4 Nb6 14. Bb3 c4 15. Bd1 Rd8 16. Qb2 Nd7 17. Be2 a6 18. a4 Rb8 19. dxe5 b5 20. axb5 axb5 21. e6 fxe6 22. Nd4 Nc5 23. Nxb5 Nd3 24. Bxd3 Rxd3 25. Nxc7 Rxb2 26. Ne8 Be5 27. Bd4 Bxd4 28. cxd4 Rxd4 29.
e5 Bb7 30. Nf6+ Kg7 31. h4 h6 32. Rfd1 Rxd1+ 33. Rxd1 Bc6 34. Rd6 Ba4 35. Rd8 c3 36. Rc8 c2 37. Kh2 Rb1 38. Rc7+ Kf8 39. h5 gxh5 0-1

[Event "*** SCC Grand Prix: Titled Tuesday Blitz"]
[Site "Chess.com"]
[Date "2020.07.07"]
[Round "5"]
[White "FMJoseHerrera"]
[Black "seorobert1971"]
[Result "0-1"]
[WhiteElo "2495"]
[BlackElo "2702"]
[TimeControl "180+1"]
[EndTime "10:55:51 PDT"]
[Termination "seorobert1971 won on time"]

1. Nf3 Nf6 2. g3 b6 3. Bg2 Bb7 4. d3 g6 5. Nc3 Bg7 6. h4 d6 7. h5 Nxh5 8. Bg5 Nf6 9. Bh6 Bxh6 10. Rxh6 c5 11. Qd2 Nc6 12. O-O-O Ng4 13. Rh4 h5 14. e4 Qd7 15. Ng5 f6 16. Nf3 O-O-O 17. Rdh1 Kb8 18. Bh3 Rhg8 19. Ne1 Qe8 20. Bxg4 hxg4 21.
Rxg4 g5 22. f4 Bc8 23. f5 Ne5 24. Qe2 Rh8 25. Rf1 Qh5 26. d4 cxd4 27. Nd5 Qxg4 28. Qb5 Qxe4 29. Nd3 Bb7 30. N3b4 Rh1 31. Nxe7 Rxf1+ 32. Qxf1 Nd3+ 33. Nxd3 Qxe7 34. a3 Qe3+ 35. Kb1 Rh8 36.
Ka2 Bd5+ 37. b3 Qd2 38. Nb4 Bb7 39. Qb5 Rc8 40. Qd7 a5 41. Qxd6+ Ka7 42. Qb8+ Kxb8 0-1

[Event "*** SCC Grand Prix: Titled Tuesday Blitz"]
[Site "Chess.com"]
[Date "2020.07.07"]
[Round "5"]
[White "BillieKimbah"]
[Black "jacky72"]
[Result "0-1"]
[WhiteElo "2869"]
[BlackElo "2656"]
[TimeControl "180+1"]
[EndTime "10:55:52 PDT"]
[Termination "jacky72 won by checkmate"]

1. Nf3 Nf6 2. g3 g6 3. Bg2 Bg7 4. O-O O-O 5. d4 d6 6. Re1 Nc6 7. e4 e5 8. d5 Ne7 9. c4 a5 10. Nc3 Nd7 11. Rb1 h6 12. a3 f5 13. b4 axb4 14. axb4 Nf6 15. exf5 Nxf5 16. Nd2 Bd7 17. Nde4 Nxe4 18. Nxe4 Qe7 19. Bb2 Qf7 20. c5 b6 21. cxb6 cxb6 22. Rc1 Rac8 23. Qd2 h5 24. h4 Bh6 25. Ng5 Qf6 26. Rxc8 Bxc8 27. Rc1 Nd4 28.
Re1 Bxg5 29. hxg5 Nf3+ 30. Bxf3 Qxf3 31. Re3 Qg4 32. f4 Rxf4 33. Qc2 Bf5 34. Qa4 Bd7 35. Qc2 Kh7 36. Bc3 Bb5 37. Be1 Rf7 38. Bf2 Qh3 39.
Qd1 Rf5 40. Rc3 Rxg5 41. Rc7+ Kh6 42. Qd2 Qf1+ 43. Kh2 h4 44. Be3 hxg3# 0-1

[Event "*** SCC Grand Prix: Titled Tuesday Blitz"]
[Site "Chess.com"]
[Date "2020.07.07"]
[Round "5"]
[White "Julianos82"]
[Black "Leonid_Starozhilov"]
[Result "0-1"]
[WhiteElo "2252"]
[BlackElo "2629"]
[TimeControl "180+1"]
[EndTime "10:55:53 PDT"]
[Termination "Leonid_Starozhilov won by resignation"]

1. d4 Nf6 2. Nf3 g6 3. c4 Bg7 4.
Nc3 O-O 5. e4 d6 6. Be2 Bg4 7.
Ng1 Bd7 8. f4 c5 9. d5 b5 10.
cxb5 a6 11. bxa6 Nxa6 12. Nf3 Bg4 13. O-O Bxf3 14. Rxf3 Nd7 15. Be3 Qa5 16. Bf2 Rfb8 17. Rb1 Nc7 18. a3 Nf6 19. h3 Nd7 20. Qc2 Rb7 21. Kh2 Rab8 22. g4 g5 23. e5 gxf4 24. e6 fxe6 25. dxe6 Ne5 26. Rxf4 Nxe6 27. Bc4 Nxc4 28.
Rxc4 Nd4 29. Ne2 Rxb2 30. Rxb2 Rxb2 31. Qe4 Rxe2 32. Qd5+ Ne6 33. Re4 Rxf2+ 34. Kg1 Rf6 35. Rxe6 Rxe6 36. Qxe6+ Kf8 37. Qc8+ Kf7 38. Qf5+ Bf6 39.
Qh5+ Kf8 40. Qh6+ Ke8 0-1

[Event "*** SCC Grand Prix: Titled Tuesday Blitz"]
[Site "Chess.com"]
[Date "2020.07.07"]
[Round "5"]
[White "Sven_Tica"]
[Black "Jumbo"]
[Result "1-0"]
[WhiteElo "2658"]
[BlackElo "2876"]
[TimeControl "180+1"]
[EndTime "10:55:54 PDT"]
[Termination "Sven_Tica won by resignation"]

1. d4 Nf6 2. c4 e6 3. g3 c5 4. d5 exd5 5. cxd5 d6 6. Nc3 g6 7. Bg2 Bg7 8. Nf3 O-O 9. O-O Re8 10.
Re1 Na6 11. Bf4 Ne4 12. Nxe4 Rxe4 13. Nd2 Rxf4 14. gxf4 Bxb2 15. Rb1 Bg7 16. e4 Bh6 17. e5 Bxf4 18. e6 Nc7 19. Qf3 Qh4 20. exf7+ Kf8 21.
Nf1 b6 22. Re4 g5 23. Ng3 Bg4 24. Qc3 Kxf7 25. Rbe1 Re8 26. Qd3 Qh6 27. Rxe8 Nxe8 28.
Qe4 Nf6 29. Qe7+ Kg6 30. Ne4 Qg7 31. Qd8 Qd7 32. Qxf6+ Kh5 33. Ng3+ Bxg3 34. hxg3 Qf5 35. Qxf5 Bxf5 36. Bf3+ Kg6 37. Be4 1-0

[Event "*** SCC Grand Prix: Titled Tuesday Blitz"]
[Site "Chess.com"]
[Date "2020.07.07"]
[Round "5"]
[White "ega2006"]
[Black "BigAl"]
[Result "0-1"]
[WhiteElo "2356"]
[BlackElo "2507"]
[TimeControl "180+1"]
[EndTime "10:55:55 PDT"]
[Termination "BigAl won by resignation"]

1. c4 Nf6 2. Nc3 g6 3. e4 d6 4.
d4 Bg7 5. Be2 O-O 6. Be3 c5 7.
e5 Nfd7 8. dxc5 dxe5 9. Nf3 Na6 10. O-O Ndxc5 11. Qc2 Bf5 12. Qc1 Nd3 13. Bxd3 Bxd3 14. Rd1 f5 15. Nd5 e4 16. Ng5 Qd6 17. Nf4 h6 18.
Nge6 Rf6 19. Nxg7 Kxg7 20. Qc3 Rd8 21. Nd5 e5 22. Nxf6 Qxf6 23. b3 b6 24. f3 f4 25.
fxe4 fxe3 26. Rxd3 Qf2+ 27. Kh1 e2 28. Qxe5+ Kf7 29.
Rf3+ Qxf3 30. gxf3 Rd1+ 31. Kg2 e1=Q 32. Qf4+ Ke6 33. Qg4+ Ke5 34. Rxd1 Qxd1 35. Qxg6 Qe2+ 36. Kg3 Qe1+ 37. Kg2 Qd2+ 38. Kg3 Qg5+ 39. Qxg5+ hxg5 40. h4 gxh4+ 41. Kxh4 Kf4 42. a3 Nc5 43. b4 Nd3 44.
Kh3 Kxf3 45. e5 Nxe5 46. c5 b5 0-1

[Event "*** SCC Grand Prix: Titled Tuesday Blitz"]
[Site "Chess.com"]
[Date "2020.07.07"]
[Round "5"]
[White "turayev_shahruh17"]
[Black "Kobalia"]
[Result "0-1"]
[WhiteElo "2486"]
[BlackElo "2698"]
[TimeControl "180+1"]
[EndTime "10:55:57 PDT"]
[Termination "Kobalia won by checkmate"]

1. e4 c6 2. Nc3 d5 3. exd5 cxd5 4. d4 Nc6 5. Bf4 a6 6. Nf3 Bg4 7. Be2 e6 8. O-O Nf6 9. Ne5 Bxe2 10. Nxe2 Qb6 11. c3 Be7 12. Qb3 Qa7 13. Kh1 O-O 14. Ng3 Rac8 15. Bg5 Rfe8 16. Qd1 b5 17. a3 Qb7 18. f4 Ne4 19. Qh5 Nxg5 20. fxg5 Nxe5 21. dxe5 g6 22. Qh6 Bf8 23. Qh4 Rc4 24. Rf4 Qc7 25. Re1 Bg7 26. Rxc4 Qxc4 27. Qxc4 dxc4 28. Ne4 Bxe5 29. Nc5 Bf4 30. h4 Rd8 31. Nxa6 Bg3 32. Rf1 Rd2 33. Rb1 Kf8 34. Kg1 Ke7 35. Kf1 Kd6 36. h5 gxh5 37. Nb4 h4 38. a4 bxa4 39. Ra1 Rf2+ 40. Kg1 Rxb2 41. Kf1 Be5 42. Rxa4 Bxc3 43. Ra6+ Ke5 44. Nc6+ Ke4 45. Nd8 Kd3 46. Nxf7 Bd4 47.
Rd6 Rb1# 0-1

[Event "*** SCC Grand Prix: Titled Tuesday Blitz"]
[Site "Chess.com"]
[Date "2020.07.07"]
[Round "5"]
[White "Chessdude1987"]
[Black "Bacyanide"]
[Result "0-1"]
[WhiteElo "2217"]
[BlackElo "2442"]
[TimeControl "180+1"]
[EndTime "10:55:57 PDT"]
[Termination "Bacyanide won on time"]

1. e4 c6 2. d4 d5 3. exd5 cxd5 4. c4 Nf6 5. Nc3 Nc6 6. Bg5 Be6 7. Bxf6 exf6 8. c5 g6 9. Bb5 Bg7 10. Nge2 O-O 11. O-O Qc7 12. Qd2 h5 13. a3 Rad8 14. b4 Kh7 15. Bd3 f5 16. Nb5 Qe7 17. Bc2 a6 18. Nd6 Rxd6 19. cxd6 Qxd6 20. Rac1 Bh6 21. f4 Bg7 22. Ba4 Ne7 23. Rfd1 Ng8 24. Kh1 Nf6 25. Ng1 Ne4 26. Qe3 Bh6 27. g3 h4 28. Kg2 g5 29.
Ne2 Rg8 30. Kh1 g4 31. Bc2 h3 32. Bxe4 fxe4 33. Rc2 Bd7 34. Rdc1 Bc6 35. Nc3 Bg7 36. Ne2 Rd8 37. Kg1 Qf6 38. Rd2 Rd7 39. Kf2 Bb5 40. Rc3 Rd6 41. Nc1 Rc6 42. Rxc6 Qxc6 43. Rb2 Qc4 44. Ne2 Qd3 45. Qf3 Qxf3+ 0-1

[Event "*** SCC Grand Prix: Titled Tuesday Blitz"]
[Site "Chess.com"]
[Date "2020.07.07"]
[Round "5"]
[White "bgfbfbgfbgfgf"]
[Black "profofchess"]
[Result "1-0"]
[WhiteElo "2636"]
[BlackElo "2462"]
[TimeControl "180+1"]
[EndTime "10:55:58 PDT"]
[Termination "bgfbfbgfbgfgf won by checkmate"]

1. e4 e6 2. d4 d5 3. Nc3 Bb4 4. e5 c5 5. a3 Bxc3+ 6. bxc3 Ne7 7.
Qg4 cxd4 8. Qxg7 Rg8 9. Qxh7 Nbc6 10. Nf3 Qc7 11. Bf4 Bd7 12. Qd3 dxc3 13. g3 Ng6 14.
Qxc3 Nxf4 15. gxf4 Qb6 16. a4 Rg4 17. a5 Qb4 18.
Qxb4 Nxb4 19. Kd2 Rxf4 20. Be2 Rc8 21. c3 Nc6 22. h4 Rf5 23. h5 Nxe5 24. Nxe5 Rxe5 25.
Rag1 Ke7 26. h6 Rh8 27. Bd3 d4 28. cxd4 Rxa5 29. Rh4 Ra2+ 30. Ke3 Ra3 31. Kd2 Ra2+ 32. Ke3 b5 33. h7 Kf8 34. Rhg4 Rxh7 35. Bxh7 f5 36.
Rg8+ Ke7 37. R1g7+ Kd6 38. Rd8 Ra3+ 39. Kf4 b4 40.
Rgxd7+ Kc6 41. Bg8 b3 42. Bxe6 b2 43. Bd5+ Kb6 44.
Rb8+ Ka6 45. Bc4+ Ka5 46. Rxa7# 1-0

[Event "*** SCC Grand Prix: Titled Tuesday Blitz"]
[Site "Chess.com"]
[Date "2020.07.07"]
[Round "5"]
[White "GameOverBro"]
[Black "Bastiandash"]
[Result "1-0"]
[WhiteElo "2491"]
[BlackElo "2327"]
[TimeControl "180+1"]
[EndTime "10:55:58 PDT"]
[Termination "GameOverBro won by resignation"]

1. e4 c5 2. Ne2 e6 3. d4 cxd4 4. Nxd4 a6 5. c4 Nf6 6. Bd3 Qc7 7. Nc3 Nc6 8. Be3 Ne5 9. Rc1 Nxd3+ 10. Qxd3 Ng4 11. b3 Nxe3 12. fxe3 Be7 13. O-O O-O 14.
Rf3 Bf6 15. Rxf6 gxf6 16. Rf1 Qe5 17. Nf3 Qh5 18. Na4 b5 19. Nb6 Rb8 20. Qd4 bxc4 21. bxc4 Qa5 22. c5 Qb5 23. Nh4 Qe2 24. Rf2 Qe1+ 25.
Rf1 Qxh4 26. Rxf6 Qe1+ 27. Rf1 Qh4 28. Rf4 Qh6 29. e5 f6 30. exf6 Rb7 31. Qe5 Kf7 32. Rg4 Qg6 33. Rxg6 hxg6 34. Nc4 Rb1+ 35. Kf2 d6 36.
Nxd6+ Kg8 37. f7+ Kh7 38. Qf6 Rb2+ 39. Kg3 Bb7 40. Qxb2 1-0

[Event "*** SCC Grand Prix: Titled Tuesday Blitz"]
[Site "Chess.com"]
[Date "2020.07.07"]
[Round "5"]
[White "GothamChess"]
[Black "theblitzchamp"]
[Result "1-0"]
[WhiteElo "2589"]
[BlackElo "2730"]
[TimeControl "180+1"]
[EndTime "10:55:59 PDT"]
[Termination "GothamChess won by checkmate"]

1. e4 d6 2. d4 Nf6 3. Nc3 e5 4. Nge2 Nbd7 5. h3 g6 6. g4 Bg7 7. Bg2 c6 8. O-O O-O 9. f4 exd4 10. Nxd4 Nc5 11. f5 Re8 12. Re1 Qb6 13. g5 Nfxe4 14. f6 Nxf6 15. gxf6 Rxe1+ 16. Qxe1 Bxf6 17. Be3 Bd7 18. Qf2 Bg7 19. Nb3 Bf5 20. Na4 Qc7 21. Naxc5 dxc5 22. Nxc5 Re8 23. c3 b6 24. Nb3 c5 25. Re1 h5 26. Nd2 Be6 27. Bf4 Qd7 28. Ne4 Bxa2 29. Nd6 Rxe1+ 30. Qxe1 Be6 31. Qg3 Bf8 32. Ne4 Qd1+ 33. Kh2 Bg7 34. Be5 Qc2 35. Bxg7 Kxg7 36. Qe5+ Kh7 37. Ng5+ Kh6 38. h4 f6 39. Qxf6 Bd5 40.
Qh8# 1-0